 Dungeon Crawl Stone Soup version 0.28-a0-653-g7e9dba17c3 (webtiles) character file.

Game seed: 1884072813158378718

14218 jackcabral90 the Grappler (level 11, -9/119 HPs)
             Began as a Troll Monk on Feb 9, 2021.
             Was a High Priest of Cheibriados.
             Mangled by a komodo dragon (28 damage)
             ... on level 12 of the Dungeon on Oct 11, 2021.
             The game lasted 00:53:29 (11303 turns).

jackcabral90 the Grappler (Troll Monk)             Turns: 11303, Time: 00:53:30

Health: -9/119     AC:  8    Str: 33    XL:     11   Next: 85%
Magic:  13/14      EV: 13    Int: 18    God:    Cheibriados [*****.]
Gold:   567        SH:  5    Dex: 33    Spells: 10/10 levels left

rFire   . . .      SeeInvis .     - Unarmed
rCold   . . .      Faith    .   (no shield)
rNeg    . . .      Spirit   .   x - +2 robe {Will+}
rPois   .          Reflect  +   (helmet restricted)
rElec   .          Harm     .   (no cloak)
rCorr   .          Rampage  .   (gloves unavailable)
Will    +....                   (boots unavailable)
Stlth   +++.......              F - amulet of reflection
HPRegen 1.29/turn               h - +6 ring of dexterity
MPRegen 0.14/turn               (no ring)

@: studying Maces & Flails, very slow
A: large, unfitting armour, claws 3, regeneration 1, shaggy fur 1, tough skin 3,
antennae 1, high mp 1, mutation resistance 1
a: Renounce Religion, Bend Time, Temporal Distortion, Slouch, Step From Time


You were on level 12 of the Dungeon.
You worshipped Cheibriados.
Cheibriados was extremely pleased with you.
You visited 2 branches of the dungeon, and saw 13 of its levels.

You collected 567 gold pieces.

Inventory:

Missiles
 H - 5 large rocks (quivered)
Armour
 x - a +2 robe of willpower (worn)
 E - +0 steam dragon scales
Jewellery
 a - an amulet of regeneration
 c - a ring of poison resistance
 e - an amulet of guardian spirit
 h - a +6 ring of dexterity (left claw)
 D - an amulet of faith
 F - an amulet of reflection (around neck)
Wands
 j - a wand of flame (49)
 v - a wand of digging (4)
 w - a wand of acid (2)
 y - a wand of polymorph (10)
 B - a wand of mindburst (13)
 C - a wand of removedness (14)
 G - a wand of charming (14)
Scrolls
 b - 8 scrolls of teleportation
 d - 2 scrolls of magic mapping
 g - 3 scrolls of removedness
 l - a scroll of fog
 o - 3 scrolls of blinking {unknown}
 p - 5 scrolls of amnesia
 r - 4 scrolls of enchant armour
 s - a scroll of noise {unknown}
 u - a scroll of fear {unknown}
Potions
 f - 2 potions of lignification
 i - a potion of attraction
 k - a potion of flight {unknown}
 m - 2 potions of curing
 n - a potion of resistance
 q - 2 potions of heal wounds


   Skills:
 + Level 10.5 Fighting
 * Level 1.5 Throwing
 + Level 2.8 Armour
 + Level 3.8 Dodging
 - Level 1.0 Stealth
 + Level 12.3 Unarmed Combat
 + Level 4.5 Invocations
 - Level 4.0 Evocations


You had 10 spell levels left.
You didn't know any spells.
Your spell library contained the following spells:

 Spells                   Type           Power      Damage    Failure   Level
 Slow                     Hex            0%         N/A       32%         2
 Confusing Touch          Hex            0%         N/A       54%         3
 Dazzling Flash           Conj/Hex       0%         N/A       54%         3
 Mephitic Cloud           Conj/Pois/Air  0%         N/A       54%         3
 Summon Lightning Spire   Summ/Air       0%         N/A       91%         4
 Agony                    Necr           0%         N/A       99%         5
 Alistair's Intoxication  Tmut/Pois      0%         N/A       99%         5
 Irradiate                Conj/Tmut      0%         3d13      99%         5
 Silence                  Hex/Air        0%         N/A       99%         5
 Yara's Violent Unravell  Hex/Tmut       0%         3d3       99%         5
 Conjure Ball Lightning   Conj/Air       0%         3x3d6     100%        6
 Statue Form              Tmut/Erth      0%         N/A       100%        6
 Dragon Form              Tmut           0%         N/A       100%        7


Dungeon Overview and Level Annotations

Branches:
Dungeon (12/15)            Temple (1/1) D:4            Lair (0/6) D:8
    Orc (0/2) D:12

Altars:
Ashenzari
Cheibriados
Dithmenos
Elyvilon
Fedhas
Gozag
Hepliaklqana
Kikubaaqudgha
Makhleb
Nemelex Xobeh
Okawaru
Qazlal
Ru
Sif Muna
Trog
Uskayaw
Vehumet
Wu Jian
Xom
Yredelemnul
Zin
The Shining One

Shops:
D:4 =   D:9 =   D:10 :


Innate Abilities, Weirdness & Mutations

You are too large for most types of armour.
You have claws for hands.
Your natural rate of healing is unusually fast.
You are covered in fur. (AC +1)
You have extremely tough skin. (AC +3)
You have a pair of small antennae on your head.
You have an increased reservoir of magic. (+10% MP)
You are somewhat resistant to further mutation.


Message History

You claw the komodo dragon!
The komodo dragon is moderately wounded.
The komodo dragon barely misses you. The komodo dragon bites you!!
The death knight offers itself to Yredelemnul, and fills with unholy energy.
The komodo dragon bites you!!
The death knight hits you with a +1 battleaxe!!
* * * LOW HITPOINT WARNING * * *
The komodo dragon closely misses you. The death knight completely misses you.
The komodo dragon barely misses you.
The death knight invokes the aid of Yredelemnul against you.
Your body is wracked with pain!
* * * LOW HITPOINT WARNING * * *
Things that are here:
a vampire mosquito corpse; a vampire mosquito corpse The death knight's dark mirror aura disappears.
The komodo dragon closely misses you.
It was a potion of heal wounds.
You feel much better. You block the komodo dragon's attack.
You fail to use your ability.
The komodo dragon bites you!!
* * * LOW HITPOINT WARNING * * *
Aiming: Corrosive Bolt
Press: ? - help, Shift-Dir - straight line, f - death knight
Aim: a death knight, wielding a +1 battleaxe and wearing a +0 plate armour (77% to hit)
The bolt of acid misses the komodo dragon.
The bolt of acid hits the death knight!
The acid corrodes the death knight!
The death knight is lightly wounded.
The komodo dragon barely misses you.
It was a potion of magic.
Magic courses through your body. The komodo dragon bites you.
* * * LOW HITPOINT WARNING * * *
It was a potion of cancellation.
You feel magically purged. The komodo dragon bites you!
* * * LOW HITPOINT WARNING * * *
It was a potion of mutation.
You feel extremely strange.
You feel more energetic. A pair of antennae grows on your head!
You feel genetically stable. The komodo dragon bites you!!
You die...

#####...#..##.##
##.....#...##...##
..........##.._..##
.........##......^##
........##^^.^..^..##
........#...#####.^.#
........##.'#.#.#'.## #
.........###..#..###..#
........†pl@.###.....#
##+####...##.....#####
.#########..## .#
##..### #####.#####
##...# #...>.....#
###.# ####........)#
#.# #...<........# #.#
#.##.........# #.#


You could see a death knight (corroded) and a komodo dragon.

Vanquished Creatures
  2 two-headed ogres
  Josephine (D:11)
  2 boulder beetles
  Pikel (D:7)
  An ugly thing (D:12)
  A cyclops (D:11)
  A gargoyle (D:11)
  2 kobold demonologists (D:10)
  A komodo dragon (D:11)
  6 wraiths
  18 yaks
  4 vampire mosquitoes (D:12)
  3 steam dragons
  2 wargs (D:8)
  2 water moccasins
  A sky beast (D:7)
  4 orc warriors
  A necrophage (D:8)
  5 ogres
  2 black bears
  7 centaurs
  A phantom (D:7)
  3 kobold brigands
  A bullfrog (D:9)
  4 scorpions
  9 wights
  5 howler monkeys
  A bullfrog zombie (D:6)
  2 jellies
  5 hounds
  8 orc priests
  A centaur skeleton (D:9)
  3 iguanas
  Natasha (D:2)
  9 orc wizards
  5 removed worker ants
  A hound skeleton (D:4)
  A hound zombie (D:8)
  A removed worker ant zombie (D:5)
  2 gnolls (D:7)
  13 adders
  3 shadow imps
  5 white imps
  An endoplasm (D:2)
  An adder skeleton (D:4)
  A worm (D:3)
  35 orcs
  4 removed leopard geckos
  3 ball pythons
  4 giant cockroaches
  8 goblins
  8 hobgoblins
  18 jackals
  12 kobolds
  9 quokkas
  9 bats
  5 frilled lizards
  A quokka zombie (D:5)
  11 rats
  2 removed leopard gecko zombies
283 creatures vanquished.

Vanquished Creatures (others)
  A fungus (D:8)
  A withered plant (D:9)
2 creatures vanquished.

Grand Total: 285 creatures vanquished

Notes
Turn   | Place    | Note
-------+----------+-------------------------------------------
     0 | D:1      | jackcabral90 the Troll Monk began the quest for the Orb.
     0 | D:1      | Reached XP level 1. HP: 22/22 MP: 0/0
   172 | D:1      | Reached XP level 2. HP: 29/29 MP: 1/1
   942 | D:2      | Reached XP level 3. HP: 31/37 MP: 2/2
  1197 | D:2      | Noticed Natasha
  1202 | D:2      | Killed Natasha
  1203 | D:2      | Reached skill level 4 in Unarmed Combat
  1274 | D:2      | Reached XP level 4. HP: 45/45 MP: 3/3
  1832 | D:3      | Reached XP level 5. HP: 53/54 MP: 4/4
  2689 | D:4      | Reached skill level 5 in Unarmed Combat
  2972 | D:4      | Found a glowing silver altar of Zin.
  2973 | D:4      | Found a snail-covered altar of Cheibriados.
  2976 | D:4      | Found a basalt altar of Yredelemnul.
  3171 | D:4      | Found a shimmering blue altar of Sif Muna.
  3250 | D:4      | Reached XP level 6. HP: 62/62 MP: 5/5
  3488 | D:4      | Found a staircase to the Ecumenical Temple.
  3589 | D:4      | Found Fiarhus's Jewellery Boutique.
  3850 | D:5      | Entered Level 5 of the Dungeon
  3860 | D:5      | Reached skill level 5 in Fighting
  3860 | D:5      | Reached skill level 6 in Unarmed Combat
  3860 | D:5      | Reached XP level 7. HP: 70/72 MP: 6/6
  4503 | D:5      | HP: 4/111 [orc priest/divine providence (14)]
  4513 | D:5      | Reached skill level 7 in Unarmed Combat
  4858 | D:6      | Reached XP level 8. HP: 63/83 MP: 7/7
  5429 | D:6      | Found a broken altar of Ashenzari.
  5515 | D:6      | Reached skill level 8 in Unarmed Combat
  6271 | D:7      | Reached XP level 9. HP: 86/93 MP: 8/8
  6305 | D:7      | Noticed Pikel
  6332 | D:7      | Killed Pikel
  6333 | D:7      | Reached skill level 9 in Unarmed Combat
  7023 | Temple   | Entered the Ecumenical Temple
  7130 | D:4      | Became a worshipper of Cheibriados the Contemplative
  7130 | D:4      | Reached * piety under Cheibriados
  7130 | D:4      | Reached ** piety under Cheibriados
  7478 | D:8      | Reached skill level 10 in Unarmed Combat
  7515 | D:8      | Found a staircase to the Lair.
  7715 | D:8      | Noticed a two-headed ogre
  7732 | D:8      | Killed a two-headed ogre
  7733 | D:8      | Reached XP level 10. HP: 64/107 MP: 9/9
  7900 | D:8      | Identified the Tome of Weightlessness and Intoxication
  8407 | D:9      | Found Ixonkiod's Jewellery Boutique.
  8474 | D:9      | Reached *** piety under Cheibriados
  8527 | D:9      | Found a glowing golden altar of the Shining One.
  8541 | D:9      | Reached skill level 11 in Unarmed Combat
  8678 | D:9      | Found an ancient bone altar of Kikubaaqudgha.
  8816 | D:8      | Reached **** piety under Cheibriados
  9244 | D:9      | Upgraded the game from 0.27-a0-291-gd9602db6ee to
                  | 0.28-a0-653-g7e9dba17c3
  9362 | D:10     | Entered Level 10 of the Dungeon
  9634 | D:10     | Reached skill level 1 in Invocations
  9634 | D:10     | Reached skill level 1 in Evocations
  9642 | D:10     | Noticed a rust devil
  9890 | D:10     | Reached skill level 1 in Armour
 10036 | D:10     | Found Dedghuxzi's Book Shop.
 10212 | D:11     | Reached skill level 10 in Fighting
 10212 | D:11     | Reached XP level 11. HP: 57/117 MP: 12/12
 10288 | D:11     | Noticed a boulder beetle
 10328 | D:11     | Killed a boulder beetle
 10328 | D:11     | Reached ***** piety under Cheibriados
 10379 | D:11     | Noticed a two-headed ogre
 10388 | D:11     | Noticed Josephine
 10397 | D:11     | Killed a two-headed ogre
 10398 | D:11     | Reached skill level 12 in Unarmed Combat
 10409 | D:11     | Killed Josephine
 11146 | D:12     | Found a staircase to the Orcish Mines.
 11195 | D:12     | Noticed a boulder beetle
 11200 | D:12     | Killed a boulder beetle
 11201 | D:12     | Reached skill level 1 in Throwing
 11242 | D:12     | Found a sparkling altar of Nemelex Xobeh.
 11258 | D:12     | Noticed a green ugly thing
 11266 | D:12     | Killed a green ugly thing
 11288 | D:12     | Noticed a death knight
 11303 | D:12     | Gained mutation: You have an increased reservoir of magic.
                  | (+10% MP) [potion of mutation]
 11303 | D:12     | Gained mutation: You have a pair of small antennae on your
                  | head. [potion of mutation]
 11303 | D:12     | Gained mutation: You are somewhat resistant to further
                  | mutation. [potion of mutation]
 11303 | D:12     | Mangled by a komodo dragon

Illustrated notes

Levels and vault maps discovered:
D:1:      dpeg_arrival_erosion, layout_basic
D:2:      layout_loops_corners, uniq_natasha
D:3:      layout_basic
D:4:      layout_basic, minitemple, lemuel_blue_sif_altar,
          minmay_temple_entry_glass, serial_shops, nicolae_shop_statue_plus
D:5:      layout_basic, minmay_chambers_of_fives
D:6:      layout_cave_pods, kennysheep_little_box, grunt_ministairs_13
D:7:      layout_loops_ring, enter_bailey_7, uniq_pikel
D:8:      kennysheep_steamy, layout_basic, erik_lair_orcish_takeover
D:9:      layout_gridville, kiku_gazebo_garden_becter, serial_shops,
          nicolae_shop_trees, tso_metal_star
D:10:     layout_basic, serial_shops, shop
D:11:     layout_irregular_city, serial_column_ruins, column_ruins_hut,
          column_ruins_columns_straight, column_ruins_open_tiny,
          column_ruins_corridor_water, column_ruins_grid_3, uniq_josephine
D:12:     layout_roguey, minmay_orc_entry_temple_small,
          nemelex_spade_bored_becter
Temple:   nicolae_temple_x_marks_the_god

Skill      XL: |  1  2  3  4  5  6  7  8  9 10 11 |
---------------+----------------------------------+-----
Fighting       | 3 4 5 6 7 9 10 | 10.5
Unarmed Combat | 4 5 6 7 8 10 11 12 | 12.3
Invocations    | 2 4 |  4.5
Evocations     | 2 4 |  4.0
Armour         | 1 2 |  2.8
Dodging        | 3 |  3.8
Throwing       | 1 |  1.5
Stealth        | |  1.0

Action                   |  1- 3 |  4- 6 |  7- 9 | 10-12 || total
-------------------------+-------+-------+-------+-------++-------
Melee: Unarmed           |    90 |   158 |   311 |   277 ||   836
       Touch             |       |     2 |    11 |     7 ||    20
       Punch             |       |       |       |    21 ||    21
Evoke: Wand              |       |       |       |     1 ||     1
  Use: Potion            |       |       |     5 |     5 ||    10
       Scroll            |       |       |     8 |     2 ||    10
 Stab: Sleeping          |     4 |     1 |     3 |     1 ||     9
       Distracted        |       |     1 |     1 |     1 ||     3
Armor: Robe              |    34 |    62 |    66 |    75 ||   237
       Skin              |       |       |    18 |       ||    18
Dodge: Dodged            |    47 |    75 |   139 |   135 ||   396
Block: Other             |       |       |       |    12 ||    12

Table legend: (Time is in decaauts)
 A = Elapsed time spent in this place.
 B = Non-inter-level travel time spent in this place.
 C = Inter-level travel time spent in this place.
 D = Time resting spent in this place.
 E = Time spent auto-exploring this place.
 F = Levels seen in this place.
 G = Mean time per level.
                   A        B        C        D        E       F      G
               +--------+--------+--------+--------+--------+-----+--------+
         Total |  13424 |  11957 |   1467 |     50 |   9160 |  13 | 1032.6 |
       Dungeon |  13364 |  11908 |   1456 |     50 |   9110 |  12 | 1113.7 |
        Temple |     60 |     50 |     10 |      0 |     50 |   1 |   60.0 |
               +--------+--------+--------+--------+--------+-----+--------+

Top non-repeatable levels by time:
     D:9: 1677 daAuts
    D:11: 1631 daAuts
     D:8: 1569 daAuts
     D:4: 1348 daAuts
     D:6: 1162 daAuts
     D:5: 1105 daAuts
     D:7: 1024 daAuts
    D:10: 1017 daAuts
     D:3: 934 daAuts
     D:2: 894 daAuts
     D:1: 791 daAuts
    D:12: 206 daAuts
  Temple: 60 daAuts
